R+ - U24
DELCO JAWNS @ LETHBRIDGE BLACK DIAMONDS
07/08/2052
 
TOP OF THE 1ST
Raleigh Cubs batting - Pitching for Bluefield Blue Jays : RHP Hendrick Patzkowsky
Pitching: RHP Hendrick Patzkowsky
Batting: RHB Dario Pérez 0-0: Foul Ball, location: 2F
0-1: Fly out, F4 (Popup, 34S, EV 73.1 MPH)
Batting: RHB Travis Armbrust 0-0: Ball
1-0: Foul Ball, location: 2F
1-1: Called Strike
1-2: Foul Ball, location: 2F
1-2: Ball
2-2: Fly out, F6 (Popup, 6MS, EV 70.0 MPH)
Batting: RHB Augie Cohen 0-0: Swinging Strike
0-1: Ground out 5-3 (Groundball, 5, EV 110.0 MPH)
Top of the 1st over - 0 runs, 0 hits, 0 errors, 0 left on base; Raleigh 0 - Bluefield 0
BOTTOM OF THE 1ST
Bluefield Blue Jays batting - Pitching for Raleigh Cubs : RHP Jeremiah Swope
Pitching: RHP Jeremiah Swope
Batting: SHB Mike Lessard 0-0: Called Strike
0-1: Ball
1-1: Reached on error, E1 (Groundball, 15S, EV 43.8 MPH)
Batting: RHB Jack Schechner 0-0: Fly out, F8 (Flyball, 8RM, EV 91.2 MPH)
Batting: RHB Latimer Waters 0-0: Ball
1-0: Foul Ball, location: 2F
1-1: Ground out 5-3 (Groundball, 56S, EV 93.1 MPH)
Batting: RHB Chad Sauter 0-0: Swinging Strike
0-1: Swinging Strike
0-2: Ball
Wild Pitch!
Mike Lessard to third
1-2: Foul Ball, location: 2F
1-2: Strikes out looking
Bottom of the 1st over - 0 runs, 0 hits, 1 error, 1 left on base; Raleigh 0 - Bluefield 0
TOP OF THE 2ND
Raleigh Cubs batting - Pitching for Bluefield Blue Jays : RHP Hendrick Patzkowsky
Batting: RHB Alfonso Fuertes 0-0: Ball
1-0: SINGLE (Flyball, 89S, EV 88.8 MPH)
Batting: RHB Rider Landivar 0-0: Ball
1-0: Ball
2-0: Called Strike
2-1: Fielders Choice at 2nd, 5-4 (Groundball, 56S, EV 90.0 MPH)
Batting: RHB Peter Crance 0-0: Foul Ball, location: 2F
0-1: Swinging Strike
0-2: Foul Ball, location: 2F
0-2: Ball
1-2: Grounds out, U3 (Groundball, 3L, EV 88.8 MPH)
Batting: RHB Leo Perez 0-0: Ball
1-0: Called Strike
1-1: Ball
Wild Pitch!
Rider Landivar to third
2-1: DOUBLE (Line Drive, 78M, EV 113.1 MPH)
Rider Landivar scores
Batting: RHB Janks Kornhaus 0-0: Swinging Strike
0-1: Fly out, F7 (Flyball, 7LM, EV 89.4 MPH)
Top of the 2nd over - 1 run, 2 hits, 0 errors, 1 left on base; Raleigh 1 - Bluefield 0
BOTTOM OF THE 2ND
Bluefield Blue Jays batting - Pitching for Raleigh Cubs : RHP Jeremiah Swope
Batting: LHB Adamo Lora 0-0: Ball
1-0: Foul Ball, location: 2F
1-1: Foul Ball, location: 2F
1-2: Foul Ball, location: 2F
1-2: Foul Ball, location: 2F
1-2: Foul Ball, location: 2F
1-2: Foul Ball, location: 2F
1-2: Ball
2-2: Ball
3-2: Ground out U3 (Groundball, 3, EV 103.1 MPH)
Batting: RHB Jack Lien 0-0: Called Strike
0-1: Called Strike
0-2: Foul Ball, location: 2F
0-2: Ball
1-2: Fly out, F9 (Line Drive, 9D, EV 105.0 MPH)
Batting: RHB Justin Duncan 0-0: Called Strike
0-1: SINGLE (Groundball, 6MD, EV 95.6 MPH)
Batting: RHB Woody Spiller 0-0: Ball
Pickoff Throw to First - Out! 1-3
Bottom of the 2nd over - 0 runs, 1 hit, 0 errors, 0 left on base; Raleigh 1 - Bluefield 0
TOP OF THE 3RD
Raleigh Cubs batting - Pitching for Bluefield Blue Jays : RHP Hendrick Patzkowsky
Batting: RHB George Anderson 0-0: Ball
1-0: SINGLE (Line Drive, 8RS, EV 90.6 MPH)
Batting: RHB Dario Pérez 0-0: Called Strike
0-1: Called Strike
0-2: Ball
1-2: Ball
2-2: Fly out, F8 (Line Drive, 8RM, EV 90.6 MPH)
Batting: RHB Travis Armbrust 0-0: Fly out, F8 (Flyball, 8RXD, EV 94.4 MPH)
Batting: RHB Augie Cohen 0-0: Called Strike
0-1: Called Strike
0-2: Reached on error, E6 (Groundball, 6, EV 87.5 MPH)
George Anderson to second
Batting: RHB Alfonso Fuertes 0-0: Called Strike
0-1: Ball
1-1: Ground out 4-3 (Groundball, 4, EV 101.9 MPH)
Top of the 3rd over - 0 runs, 1 hit, 1 error, 2 left on base; Raleigh 1 - Bluefield 0
BOTTOM OF THE 3RD
Bluefield Blue Jays batting - Pitching for Raleigh Cubs : RHP Jeremiah Swope
Batting: RHB Woody Spiller 0-0: Ball
1-0: Ground out 6-3 (Groundball, 6, EV 102.5 MPH)
Batting: RHB Cole Cadwell 0-0: Called Strike
0-1: Ground out 4-3 (Groundball, 4, EV 83.1 MPH)
Batting: SHB Mike Lessard 0-0: Ball
1-0: Called Strike
1-1: Ball
2-1: Called Strike
2-2: Fly out, F8 (Flyball, 8RS, EV 86.9 MPH)
Bottom of the 3rd over - 0 runs, 0 hits, 0 errors, 0 left on base; Raleigh 1 - Bluefield 0
TOP OF THE 4TH
Raleigh Cubs batting - Pitching for Bluefield Blue Jays : RHP Hendrick Patzkowsky
Batting: RHB Rider Landivar 0-0: Ground out 5-3 (Groundball, 56, EV 80.6 MPH)
Batting: RHB Peter Crance 0-0: Called Strike
0-1: Foul Ball, location: 2F
0-2: Ball
1-2: Foul Ball, location: 2F
1-2: Foul Ball, location: 2F
1-2: Reached on error, E3 (Groundball, 34, EV 86.2 MPH)
Batting: RHB Leo Perez 0-0: Foul Ball, location: 2F
0-1: Swinging Strike
Peter Crance steals 2nd base
0-2: SINGLE (Groundball, 56S, EV 98.8 MPH)
Peter Crance to third
Runner from 3rd tries for Home, SAFE, throw by LF to home
Batting: RHB Janks Kornhaus 0-0: Ball
1-0: Ball
2-0: Foul Ball, location: 2F
2-1: SINGLE (Groundball, 6M, EV 103.1 MPH) (infield hit)
Leo Perez to second
Batting: RHB George Anderson 0-0: Called Strike
0-1: Ball
1-1: Ball
2-1: Swinging Strike
2-2: Foul Ball, location: 2F
2-2: Ball
3-2: Strikes out swinging
Batting: RHB Dario Pérez 0-0: Called Strike
0-1: Swinging Strike
0-2: Strikes out looking
Top of the 4th over - 1 run, 2 hits, 1 error, 2 left on base; Raleigh 2 - Bluefield 0
BOTTOM OF THE 4TH
Bluefield Blue Jays batting - Pitching for Raleigh Cubs : RHP Jeremiah Swope
Batting: RHB Jack Schechner 0-0: Fly out, F8 (Flyball, 8RD, EV 91.2 MPH)
Batting: RHB Latimer Waters 0-0: Called Strike
0-1: Foul Ball, location: 2F
0-2: Fly out, F8 (Flyball, 8LS, EV 71.9 MPH)
Batting: RHB Chad Sauter 0-0: Ball
1-0: SINGLE (Line Drive, 6M, EV 102.5 MPH)
Batting: LHB Adamo Lora 0-0: Ball
1-0: SINGLE (Groundball, 56S, EV 66.2 MPH) (infield hit)
Chad Sauter to second
Batting: RHB Jack Lien 0-0: Ball
1-0: Ball
2-0: Swinging Strike
2-1: Foul Ball, location: 2F
2-2: Strikes out swinging
Bottom of the 4th over - 0 runs, 2 hits, 0 errors, 2 left on base; Raleigh 2 - Bluefield 0
TOP OF THE 5TH
Raleigh Cubs batting - Pitching for Bluefield Blue Jays : RHP Hendrick Patzkowsky
Batting: RHB Travis Armbrust 0-0: Fly out, F7 (Flyball, 7LM, EV 83.1 MPH)
Batting: RHB Augie Cohen 0-0: Fly out, F8 (Line Drive, 8RM, EV 93.1 MPH)
Batting: RHB Alfonso Fuertes 0-0: Ball
1-0: SINGLE (Line Drive, 89M, EV 98.1 MPH)
Batting: RHB Rider Landivar 0-0: Called Strike
0-1: Ball
1-1: Swinging Strike
1-2: Fly out, F8 (Flyball, 8LXD, EV 96.2 MPH)
Top of the 5th over - 0 runs, 1 hit, 0 errors, 1 left on base; Raleigh 2 - Bluefield 0
BOTTOM OF THE 5TH
Bluefield Blue Jays batting - Pitching for Raleigh Cubs : RHP Jeremiah Swope
Batting: RHB Justin Duncan 0-0: Ball
1-0: Called Strike
1-1: Called Strike
1-2: Strikes out swinging
Batting: RHB Woody Spiller 0-0: Ball
1-0: Called Strike
1-1: Swinging Strike
1-2: Ball
2-2: Ball
3-2: TRIPLE (Flyball, 78XD, EV 106.2 MPH)
Batting: RHB Cole Cadwell 0-0: Called Strike
0-1: Ball
1-1: Ball
2-1: Foul Ball, location: 2F
2-2: Fly out, F7 (Flyball, 7S, EV 77.5 MPH)
Batting: SHB Mike Lessard 0-0: Ground out U3 (Groundball, 3, EV 82.5 MPH)
Bottom of the 5th over - 0 runs, 1 hit, 0 errors, 1 left on base; Raleigh 2 - Bluefield 0
TOP OF THE 6TH
Raleigh Cubs batting - Pitching for Bluefield Blue Jays : RHP Hendrick Patzkowsky
Batting: RHB Peter Crance 0-0: Ball
1-0: Ball
2-0: Ball
3-0: Called Strike
3-1: Foul Ball, location: 2F
3-2: Strikes out swinging
Batting: RHB Leo Perez 0-0: SINGLE (Flyball, 56D, EV 84.4 MPH)
Batting: RHB Janks Kornhaus 0-0: Ball
1-0: Called Strike
1-1: SINGLE (Groundball, 6MS, EV 80.6 MPH) (infield hit)
Leo Perez to second
Batting: RHB George Anderson 0-0: Fielders Choice at 2nd, 1-6 (Groundball, 13S, EV 68.8 MPH)
Leo Perez to third
Batting: RHB Dario Pérez 0-0: Ball
1-0: Called Strike
1-1: Foul Ball, location: 2F
1-2: Strikes out swinging
Top of the 6th over - 0 runs, 2 hits, 0 errors, 2 left on base; Raleigh 2 - Bluefield 0
BOTTOM OF THE 6TH
Bluefield Blue Jays batting - Pitching for Raleigh Cubs : RHP Jeremiah Swope
Batting: RHB Jack Schechner 0-0: Ground out 5-3 (Groundball, 6S, EV 71.2 MPH)
Batting: RHB Latimer Waters 0-0: Foul Ball, location: 2F
0-1: Ball
1-1: Fly out, F4 (Popup, 34S, EV 81.9 MPH)
Batting: RHB Chad Sauter 0-0: Ball
1-0: SINGLE (Line Drive, 8LM, EV 93.1 MPH)
Batting: LHB Adamo Lora 0-0: Reached on error, E5 (Groundball, 5, EV 93.1 MPH)
Chad Sauter to second
Batting: RHB Jack Lien 0-0: Called Strike
0-1: Foul Ball, location: 2F
0-2: Ball
1-2: Strikes out swinging
Bottom of the 6th over - 0 runs, 1 hit, 1 error, 2 left on base; Raleigh 2 - Bluefield 0
TOP OF THE 7TH
Raleigh Cubs batting - Pitching for Bluefield Blue Jays : RHP Hendrick Patzkowsky
Batting: RHB Travis Armbrust 0-0: Ball
1-0: Called Strike
1-1: Ground out 3-1 (Groundball, 34, EV 81.9 MPH)
Batting: RHB Augie Cohen 0-0: Fly out, F7 (Flyball, 7LM, EV 93.1 MPH)
Batting: RHB Alfonso Fuertes 0-0: Ground out 5-3 (Groundball, 56, EV 105.6 MPH)
Top of the 7th over - 0 runs, 0 hits, 0 errors, 0 left on base; Raleigh 2 - Bluefield 0
BOTTOM OF THE 7TH
Bluefield Blue Jays batting - Pitching for Raleigh Cubs : RHP Jeremiah Swope
Batting: RHB Justin Duncan 0-0: Fly out, F8 (Flyball, 8RD, EV 97.5 MPH)
Batting: RHB Woody Spiller 0-0: Ground out U3 (Groundball, 34S, EV 90.0 MPH)
Batting: RHB Cole Cadwell 0-0: Ball
1-0: Ground out 4-3 (Groundball, 34, EV 85.6 MPH)
Bottom of the 7th over - 0 runs, 0 hits, 0 errors, 0 left on base; Raleigh 2 - Bluefield 0
TOP OF THE 8TH
Raleigh Cubs batting - Pitching for Bluefield Blue Jays : RHP Hendrick Patzkowsky
Batting: RHB Rider Landivar 0-0: Ball
1-0: Called Strike
1-1: Ball
2-1: Swinging Strike
2-2: Strikes out looking
Batting: RHB Peter Crance 0-0: Foul Ball, location: 2F
0-1: Ball
1-1: Ball
2-1: SINGLE (Line Drive, 8LS, EV 95.6 MPH)
Pitching: RHP Josiah Gordon
Batting: RHB Leo Perez 0-0: Foul Ball, location: 2F
0-1: Swinging Strike
0-2: Fly out, F6 (Line Drive, 6, EV 68.8 MPH)
Batting: RHB Janks Kornhaus 0-0: Called Strike
0-1: Fielders Choice at 2nd, 6-4 (Groundball, 6, EV 91.2 MPH)
Top of the 8th over - 0 runs, 1 hit, 0 errors, 1 left on base; Raleigh 2 - Bluefield 0
BOTTOM OF THE 8TH
Bluefield Blue Jays batting - Pitching for Raleigh Cubs : RHP Jeremiah Swope
Batting: SHB Mike Lessard 0-0: Foul Ball, location: 2F
0-1: Fly out, F6 (Popup, 6M, EV 52.5 MPH)
Batting: RHB Jack Schechner 0-0: Swinging Strike
0-1: Fly out, F8 (Flyball, 78M, EV 83.8 MPH)
Pinch Hitting: SHB Delaney Stern 0-0: Foul Ball, location: 2F
0-1: Foul Ball, location: 2F
0-2: Ball
1-2: Foul Ball, location: 2F
1-2: Strikes out swinging
Bottom of the 8th over - 0 runs, 0 hits, 0 errors, 0 left on base; Raleigh 2 - Bluefield 0
TOP OF THE 9TH
Raleigh Cubs batting - Pitching for Bluefield Blue Jays : RHP Josiah Gordon
Now in LF: Delaney Stern
Now in CF: Jack Schechner
Batting: RHB George Anderson 0-0: Called Strike
0-1: Swinging Strike
0-2: Strikes out swinging
Batting: RHB Dario Pérez 0-0: Ball
1-0: Foul Ball, location: 2F
1-1: Swinging Strike
1-2: Foul Ball, location: 2F
1-2: Foul Ball, location: 2F
1-2: Foul Ball, location: 2F
1-2: Foul Ball, location: 2F
1-2: Ball
2-2: Ball
3-2: Foul Ball, location: 2F
3-2: Base on Balls
Batting: RHB Travis Armbrust 0-0: Ball
Dario Pérez steals 2nd base
1-0: Ball
2-0: Called Strike
2-1: Ground out U3 (Groundball, 13, EV 84.4 MPH)
Dario Pérez to third
Batting: RHB Augie Cohen 0-0: Called Strike
0-1: Foul Ball, location: 2F
0-2: Foul Ball, location: 2F
0-2: Foul Ball, location: 2F
0-2: Fly out, F8 (Flyball, 78S, EV 93.1 MPH)
Top of the 9th over - 0 runs, 0 hits, 0 errors, 1 left on base; Raleigh 2 - Bluefield 0
BOTTOM OF THE 9TH
Bluefield Blue Jays batting - Pitching for Raleigh Cubs : RHP Jeremiah Swope
Pitching: LHP Ian Watts
Batting: RHB Chad Sauter 0-0: Ground out 5-3 (Groundball, 56, EV 89.4 MPH)
Pinch Hitting: RHB Yandri Huertas 0-0: Called Strike
0-1: DOUBLE (Flyball, 8RXD, EV 91.2 MPH)
Batting: RHB Jack Lien 0-0: Called Strike
0-1: Ball
1-1: Ball
2-1: Called Strike
2-2: Foul Ball, location: 2F
2-2: Strikes out swinging
Batting: RHB Justin Duncan 0-0: Fly out, F4 (Line Drive, 4, EV 76.2 MPH)
Bottom of the 9th over - 0 runs, 1 hit, 0 errors, 1 left on base; Raleigh 2 - Bluefield 0
Sunday, April 28th , 2024 - OOTP Baseball 24.11 Build 85